 Dungeon Crawl Stone Soup version 0.30-a0-782-ge64f9170bb (webtiles) character file.

Game seed: 8575290512371073382

3194 funkygono the Arsonist (level 9, -14/47 HPs)
             Began as a Gargoyle Fire Elementalist on Mar 8, 2023.
             Was an Initiate of Sif Muna.
             Blown up by a gnoll (20 damage)
             ... with a mindburst bolt
             ... on level 8 of the Dungeon.
             The game lasted 00:12:52 (8970 turns).

funkygono the Arsonist (Gargoyle Fire Elementalist) Turns: 8970, Time: 00:12:52

Health: -14/47     AC: 13    Str: 11    XL:     9   Next: 96%
Magic:  21/21      EV: 12    Int: 21    God:    Sif Muna [......]
Gold:   437        SH:  0    Dex: 10    Spells: 15/25 levels left

rFire   + . .      SeeInvis .    d - +3 quarterstaff (venom)
rCold   x . .      Faith    .    (shield currently unavailable)
rNeg    + . .      Spirit   .    a - +0 robe
rPois   ∞          Reflect  .    h - +2 hat
rElec   +          Harm     .    f - +0 cloak
rCorr   .          Rampage  .    u - +0 pair of gloves
Will    .....                    l - +0 pair of boots
Stlth   +                        (no amulet)
HPRegen 0.27/turn                n - ring of fire
MPRegen 0.17/turn                x - ring of wizardry

@: confused, weakened
A: sickness immunity, AC +6, negative energy resistance 1, electricity
resistance, torment resistance 1, petrification resistance
a: Renounce Religion


You were on level 8 of the Dungeon.
You worshipped Sif Muna.
Sif Muna was noncommittal.
You visited 2 branches of the dungeon, and saw 9 of its levels.

You collected 437 gold pieces.

Inventory:

Hand Weapons
 d - a +3 quarterstaff of venom (weapon)
 s - a +0 whip
Armour
 a - a +0 robe (worn)
 e - the +1 leather armour of the Boiling Point {Dex+3}
   (You found it on level 6 of the Dungeon)

   Dex:       It affects your dexterity (+3).
 f - a +0 cloak (worn)
 g - a +0 helmet
 h - a +2 hat (worn)
 l - a +0 pair of boots (worn)
 u - a +0 pair of gloves (worn)
Jewellery
 n - a ring of fire (left hand)
 x - a ring of wizardry (right hand)
Wands
 c - a wand of iceblast (5)
 j - a wand of mindburst (18)
 p - a wand of polymorph (9)
 r - a wand of quicksilver (14)
Scrolls
 k - a scroll of butterflies
 v - 4 scrolls of teleportation
 w - 2 scrolls of magic mapping
 y - a scroll of identify
 z - a scroll of poison
Potions
 b - a potion of magic
 i - 3 potions of might
 m - a potion of resistance
 q - 2 potions of ambrosia


   Skills:
 + Level 1.2 Fighting
 + Level 1.3 Staves
 + Level 2.8 Dodging
 - Level 2.1 Stealth
 + Level 8.5 Spellcasting
 + Level 5.4 Conjurations
 + Level 8.8 Fire Magic


You had 15 spell levels left.
You knew the following spells:

 Your Spells              Type           Power      Damage    Failure   Level
a - Foxfire               Conj/Fire      100%       2x1d9     1%          1
b - Scorch                Fire           100%       2d10      1%          2
c - Kindle Blastsparks    Fire/Tloc/Air  62%        2d15      2%          3
d - Flame Wave            Conj/Fire      55%        2d13      1%          4

Your spell library contained the following spells:

 Spells                   Type           Power      Damage    Failure   Level
 Kiss of Death            Conj/Necr      80%        2d11      1%          1
 Momentum Strike          Conj/Tloc      40%        3d9       1%          2
 Inner Flame              Hex/Fire       41%        N/A       1%          3
 Sticky Flame             Conj/Fire      55%        2d7       1%          4
 Ignite Poison            Fire/Tmut/Pois 31%        N/A       2%          3
 Hailstorm                Conj/Ice       20%        3d6       3%          3
 Blink                    Tloc           16%        N/A       4%          2
 Wereblood                Tmut           8%         N/A       4%          2
 Mephitic Cloud           Conj/Pois/Air  16%        N/A       4%          3
 Fireball                 Conj/Fire      27%        3d12      4%          5
 Portal Projectile        Hex/Tloc       16%        N/A       9%          3
 Vhi's Electric Charge    Tloc/Air       16%        N/A       9%          3
 Iskenderun's Battlesphe  Conj           31%        2d8       9%          5
 Starburst                Conj/Fire      27%        6d9       24%         6
 Lightning Bolt           Conj/Air       10%        1d23      26%         5
 Ice Form                 Ice/Tmut       8%         N/A       28%         4
 Conjure Ball Lightning   Conj/Air       10%        3x3d6     80%         6
 Orb of Destruction       Conj           15%        9d7       93%         7
 Simulacrum               Ice/Necr       4%         N/A       98%         6
 Summon Hydra             Summ           4%         N/A       100%        7
 Sublimation of Blood     Necr           Unusable   N/A       N/A         2

Dungeon Overview and Level Annotations

Branches:
Dungeon (8/15)             Temple (1/1) D:7
   Lair: D:8-11

Altars:
Ashenzari
Cheibriados
Dithmenos
Elyvilon
Gozag
Hepliaklqana
Kikubaaqudgha
Makhleb
Nemelex Xobeh
Okawaru
Qazlal
Ru
Sif Muna
Trog
Uskayaw
Vehumet
Yredelemnul
Zin
The Shining One

Shops:
D:5 =

Annotations:
D:8 1 transporter, wogdood's ghost, novice TrWr


Innate Abilities, Weirdness & Mutations

You are immune to sickness and miasma.
Your stone body is resilient. (AC +6)
You are immune to poison.
You resist negative energy. (rN+)
You are resistant to electric shocks. (rElec)
You are resistant to unholy torment.
You are immune to petrification.


Message History

The gnoll bouda is engulfed in a cloud of scalding steam.
A wave of flame ripples out!
The flame wave engulfs the gnoll sergeant.
The gnoll sergeant is severely wounded.
The flame wave engulfs wogdood's ghost!
Wogdood's ghost is moderately damaged.
The flame wave engulfs the gnoll.
The gnoll is moderately wounded.
The flame wave engulfs the gnoll sergeant!!
You kill the gnoll sergeant!
Sif Muna accepts your kill.
The flame wave engulfs the gnoll bouda!
You kill the gnoll bouda!
Sif Muna accepts your kill.
The flame wave engulfs the gnoll sergeant but does no damage.
The gnoll sergeant is severely wounded.
The flame wave engulfs the gnoll sergeant!
The gnoll sergeant is heavily wounded.
You finish channelling waves of flame.
The gnoll hits you but does no damage.
The gnoll sergeant hits you with a +3 spear of venom.
* * * LOW HITPOINT WARNING * * *
Wogdood's ghost hits you!
* * * LOW HITPOINT WARNING * * *
The gnoll sergeant barely misses you.
You feel better. The gnoll hits you but does no damage. The gnoll misses you.
The gnoll sergeant hits you from afar with a +2 vampiric spear!
* * * LOW HITPOINT WARNING * * *
Wogdood's ghost mumbles some strange words.
Wogdood's ghost blinks!
You feel better. The gnoll sergeant barely misses you.
The gnoll barely misses you.
The gnoll zaps a wand.
You struggle to resist.
The gnoll sergeant hits you from afar with a +2 vampiric spear.
* * * LOW HITPOINT WARNING * * *
Wogdood's ghost gestures wildly while chanting.
Wogdood's ghost blinks!
Magic courses through your body. The gnoll sergeant barely misses you.
The gnoll zaps a wand.
Your will is overpowered!
You are confused.
The gnoll zaps a wand.
Your mind is blasted!
You die...

#.............................#
#..≈≈≈≈≈≈≈≈≈≈≈...≈≈≈≈≈≈≈≈≈≈≈..#
#..≈≈≈≈≈≈≈≈≈≈≈...≈≈≈≈≈≈≈≈≈≈≈.##
#..≈≈#####...........#####≈≈.#
#..≈≈#ggg#.###.©.###.#g.g#≈≈.#
#..≈≈#..g###.#####.###..g#≈≈.#
#..≈≈###........gg....g###≈≈.#
#..≈≈.8#.##'###)######.#8.≈≈.#
#..≈≈.##.#...#@g8# .#.##.≈≈.#
#.(~~.#..'.§)g)©§# .'..#.~~.#
#..≈≈.##.#..)#g)8# ..#.##.≈≈.#
#..≈≈.8#.##'###'######.#8.≈≈.#
#..≈≈###...Wg..........###≈≈.#
#..≈≈#W..###g#####.###...#≈≈.#
###..≈≈#g..#.###.©.###.#g..#≈≈.#
.##..≈≈#####...........#####≈≈.##
.##..≈≈≈≈≈≈≈≈≈≈≈≈~≈≈≈≈≈≈≈≈≈≈≈≈..#


You could see 3 gnoll sergeants, wogdood's ghost and 2 gnolls.

Vanquished Creatures
  Sigmund (D:5)
  A wyvern (D:8)
  A water moccasin (D:5)
  An orc warrior (D:6)
  A sky beast (D:6)
  An ice beast (D:5)
  A black bear (D:4)
  3 centaurs
  2 ogres (D:6)
  2 kobold brigands (D:8)
  6 bullfrogs
  2 gnoll sergeants (D:8)
  4 scorpions
  2 necrophages
  4 howler monkeys
  A gnoll bouda (D:8)
  A jelly (D:7)
  8 hounds
  An orc priest (D:6)
  4 iguanas
  6 orc wizards
  Robin (D:1)
  6 gnolls (D:8)
  8 adders
  2 shadow imps
  A white imp (D:7)
  3 ufetubi
  A dart slug (D:2)
  15 orcs
  7 ball pythons
  5 bats
  6 endoplasms
  A giant cockroach (D:1)
  8 goblins
  7 hobgoblins
  4 jackals
  3 quokkas (D:2)
  3 frilled lizards (D:3)
  12 kobolds
  5 rats
151 creatures vanquished.

Vanquished Creatures (others)
  446 foxfires
  6 plants (D:8)
452 creatures vanquished.

Grand Total: 603 creatures vanquished

Notes
Turn   | Place    | Note
-------+----------+-------------------------------------------
     0 | D:1      | funkygono the Gargoyle Fire Elementalist began the quest
                  | for the Orb.
     0 | D:1      | Reached XP level 1. HP: 10/10 MP: 3/3
   322 | D:1      | Reached XP level 2. HP: 15/15 MP: 3/5
   325 | D:1      | Learned a level 2 spell: Scorch
  1071 | D:1      | Reached XP level 3. HP: 9/19 MP: 0/6
  1075 | D:1      | Learned a level 3 spell: Kindle Blastsparks
  1212 | D:2      | Noticed Robin
  1342 | D:1      | Killed Robin
  1627 | D:2      | Reached XP level 4. HP: 24/24 MP: 1/8
  2535 | D:3      | Found an ancient bone altar of Kikubaaqudgha.
  2942 | D:3      | Found a glowing golden altar of the Shining One.
  3087 | D:3      | Found a shadowy altar of Dithmenos.
  3216 | D:4      | Reached XP level 5. HP: 28/28 MP: 3/10
  3373 | D:4      | Learned a level 4 spell: Flame Wave
  3604 | D:4      | Reached XP level 6. HP: 26/33 MP: 4/11
  3848 | D:4      | Noticed a black bear
  3854 | D:4      | Killed a black bear
  4074 | D:4      | Found a sacrificial altar of Ru.
  4520 | D:4      | Identified 3 scrolls of acquirement
  4520 | D:4      | Acquired Wetettos's Cyclopedia of Bombardment
  4522 | D:4      | Acquired a book of the Spheres
  4524 | D:4      | Acquired the Commentary on Relocated Intoxication
  4594 | D:5      | Entered Level 5 of the Dungeon
  4639 | D:5      | Reached skill level 1 in Fighting
  4712 | D:5      | Reached skill level 5 in Fire Magic
  4712 | D:5      | Reached XP level 7. HP: 38/38 MP: 8/13
  5171 | D:5      | Reached skill level 5 in Spellcasting
  5220 | D:5      | Noticed Sigmund
  5232 | D:5      | Killed Sigmund
  5275 | D:5      | Reached XP level 8. HP: 43/43 MP: 8/16
  5327 | D:5      | Found Naafopn's Jewellery Shop.
  6292 | D:6      | Identified the +1 leather armour of the Boiling Point
                  | {Dex+3}
  6487 | D:6      | Reached XP level 9. HP: 47/47 MP: 13/19
  6572 | D:6      | Found a hazy altar of Hepliaklqana.
  6611 | D:6      | Reached skill level 1 in Staves
  7330 | D:6      | Acquired a ring of wizardry
  7562 | D:7      | Found a bloodstained altar of Trog.
  7604 | D:7      | Found a white marble altar of Elyvilon.
  7609 | D:7      | Found a snail-covered altar of Cheibriados.
  7701 | D:7      | Found a staircase to the Ecumenical Temple.
  7772 | Temple   | Entered the Ecumenical Temple
  7779 | Temple   | Became a worshipper of Sif Muna the Loreminder
  7847 | D:7      | Found a sparkling altar of Nemelex Xobeh.
  8142 | D:8      | Reached skill level 5 in Conjurations
  8173 | D:8      | HP: 2/47 [wyvern (9)]
  8584 | D:8      | Identified the +1 ring mail of Gluttony {Harm rF- rN+
                  | rCorr}
  8584 | D:8      | Identified the +1 buckler "Emokhe" {Drain rF+ rC+ Dex+4}
  8835 | D:8      | Found a transporter.
  8839 | D:8      | Identified the ring of Jarom {MP+9 Dex+5}
  8890 | D:8      | Found a transporter.
  8900 | D:8      | Noticed wogdood's ghost (novice TrWr)
  8968 | D:8      | HP: 2/47 [gnoll sergeant/+2 vampiric spear (7)]
  8970 | D:8      | Blown up by a gnoll

Illustrated notes

Levels and vault maps discovered:
D:1:      onia_arrival_pentagram, layout_basic, amcnicky_mini_corridor_feature
D:2:      layout_loops_ring, uniq_robin
D:3:      layout_loops_ring, nicolae_dithmenos_through_a_glass_darkly,
          mainiacjoe_overflow_paths, mainiacjoe_overflow_24_doors,
          nicolae_titane
D:4:      layout_loops_corners, mainiacjoe_overflow_chevrons,
          minmay_a_box_with_orc_wizards_in_it
D:5:      layout_loops_corners, serial_shops, shop, uniq_sigmund
D:6:      layout_loops_corners, mainiacjoe_overflow_catwalk
D:7:      layout_cave_pools, lemuel_round_altar, general_overflow_altar,
          mainiacjoe_overflow_surrounded_room, mainiacjoe_overflow_alcove_4,
          minmay_temple_entry_mist
D:8:      layout_loops_ring, gammafunk_ghost_gnarly_gnolls
Temple:   hellmonk_temple_micro_hex

Skill      XL: |  1  2  3  4  5  6  7  8  9 |
---------------+----------------------------+-----
Dodging        | 2 |  2.8
Spellcasting   | 3 4 5 6 8 |  8.5
Fire Magic     | 4 5 6 7 8 |  8.8
Conjurations   | 2 3 4 5 |  5.4
Fighting       | 1 |  1.2
Staves         | 1 |  1.3
Stealth        | |  2.1

Action                     |  1- 3 |  4- 6 |  7- 9 || total
---------------------------+-------+-------+-------++-------
  Melee: Unarmed           |     1 |       |       ||     1
         Club              |    11 |    16 |       ||    27
         Whip              |       |     1 |       ||     1
         Quarterstaff      |       |       |    20 ||    20
   Cast: Foxfire           |    50 |    86 |   135 ||   271
         Scorch            |     5 |    20 |    42 ||    67
         Flame Wave        |       |       |     7 ||     7
    Use: Scroll            |       |    12 |     8 ||    20
         Potion            |       |       |     6 ||     6
 Armour: Robe              |    22 |    16 |    33 ||    71
  Dodge: Dodged            |    35 |    33 |    45 ||   113

Table legend: (Time is in decaauts)
 A = Elapsed time spent in this place.
 B = Non-inter-level travel time spent in this place.
 C = Inter-level travel time spent in this place.
 D = Time resting spent in this place.
 E = Time spent auto-exploring this place.
 F = Levels seen in this place.
 G = Mean time per level.
                   A        B        C        D        E       F      G
               +--------+--------+--------+--------+--------+-----+--------+
         Total |   8988 |   8842 |    146 |    199 |   7453 |   9 |  998.7 |
       Dungeon |   8973 |   8835 |    138 |    199 |   7453 |   8 | 1121.6 |
        Temple |     14 |      7 |      7 |      0 |      0 |   1 |   14.0 |
               +--------+--------+--------+--------+--------+-----+--------+

Top non-repeatable levels by time:
     D:4: 1465 daAuts
     D:6: 1381 daAuts
     D:5: 1369 daAuts
     D:1: 1193 daAuts
     D:2: 1043 daAuts
     D:8: 1017 daAuts
     D:3: 901 daAuts
     D:7: 601 daAuts
  Temple: 14 daAuts
